AoeStats
← M@nqu!to

Arena

505591979Analyzed
2v2 RM · 21d ago on Sep 10, 2026· 43m 26s· 4 players
Game mode
Random Map
Map size
Medium (4 player)
Population
200
Speed
Normal
Resources
Standard
Victory
Conquest
Starting age
Dark Age
Ending age
Imperial Age
RankedLock teamsTeams togetherTeam positionsShared explorationLock speedFull tech treeHidden civsTurbo modeCheats
Victory
Defeat
🇺🇸 Britons · United States
1280
+15
🇳🇿 Teutons · New Zealand
1213
+18
🇵🇪 Portuguese · Peru
1276
-17
🇵🇪 Wu · Peru
1238
-16
M@nqu!to
11:20 Feudal Age
15:50 Castle Age
14:10 Double-Bit Axe
14:07 Horse Collar
15:37 Scale Mail Armor
15:48 Forging
15:31 Man-at-Arms
16:02 Arson
16:45 Squires
16:50 Town Watch
16:51 Loom
17:46 Chain Mail Armor
21:01 Iron Casting
26:51 Pikeman
28:31 Bow Saw
33:27 Imperial Age
35:48 Halberdier
39:05 Plate Mail Armor
39:36 Blast Furnace
M@nquito 2.0
11:02 Feudal Age
15:25 Castle Age
14:00 Double-Bit Axe
16:12 Loom
19:03 Gold Mining
27:41 Imperial Age
26:04 Stone Mining
26:28 Fletching
28:11 Bodkin Arrow
30:03 Bracer
31:06 Chemistry
37:25 Wheelbarrow
36:51 Padded Archer Armor
36:16 Elite Skirmisher
37:21 Bow Saw
37:42 Leather Archer Armor
38:50 Ring Archer Armor
39:17 Ballistics
40:16 Wheelbarrow
40:26 Bombard Tower
41:27 Fortified Wall
seantricks
10:27 Feudal Age
14:28 Castle Age
12:33 Double-Bit Axe
12:34 Horse Collar
16:20 Bow Saw
19:09 Loom
21:20 Heavy Plow
24:45 Wheelbarrow
24:46 Gold Mining
24:47 Stone Mining
28:40 Imperial Age
27:53 Fletching
28:05 Padded Archer Armor
35:03 Chemistry
35:00 Conscription
35:21 Bodkin Arrow
35:42 Leather Archer Armor
37:30 Hand Cart
38:57 Two-Man Saw
38:02 Elite Skirmisher
38:45 Bracer
39:15 Ring Archer Armor
39:09 Yeomen
39:24 Hoardings
39:42 Gold Shaft Mining
39:07 Elite Longbowman
40:34 Ballistics
42:10 Pikeman
42:50 Squires
42:52 Scale Mail Armor
43:02 Forging
15508
11:01 Feudal Age
11:41 Double-Bit Axe
15:54 Castle Age
13:50 Horse Collar
15:53 Scale Barding Armor
16:27 Town Watch
16:56 Loom
18:24 Bow Saw
19:51 Heavy Plow
19:45 Gold Mining
25:18 Chain Barding Armor
25:08 Forging
25:45 Bloodlines
35:21 Imperial Age
35:32 Forging
35:16 Fletching
35:33 Cavalier
37:02 Plate Barding Armor
36:57 Conscription
38:46 Scale Mail Armor
39:21 Iron Casting
38:41 Elite Teutonic Knight
39:43 Stone Mining
41:16 Hoardings
41:11 Chain Mail Armor
42:49 Capped Ram
Connection lost

Rejoining the realm…

Still unreachable

The connection could not be restored.

Session expired

The server has moved on; the page needs a fresh start.